Map: Mist Opportunities

Players

Butor

  • Race: Protoss Protoss
  • Spawn Location: 5:00

NamroodTuo

  • Race: Zerg Zerg

VOD

Have the link to the VOD?

Description

Time

  • Played on: June 2, 2023, 11:38 a.m.
  • Length: 20:09
Show
View Real Time Build Order
Export as new Build Order

Butor Protoss 

Build Orders:  

Get SALT Encoding   

  12  0:07  Probe (Chrono Boost)  
  13  0:24  Probe (Chrono Boost)  
  14  0:33  Pylon  
  14  0:38  Assimilator  
  14  0:42  Probe (Chrono Boost)  
  15  1:08  Gateway  
  15  1:13  Probe (Chrono Boost)  
  16  1:24  Assimilator  
  17  1:30  Probe (Chrono Boost)  
  17  1:47  Probe (Chrono Boost)  
  18  1:53  Pylon  
  18  2:04  Probe (Chrono Boost)  
  18  2:06  Solar Efficiency Level 1  
  19  2:20  Cybernetics Core  
  19  2:43  Forge  
  19  2:47  Probe (Chrono Boost)  
  20  3:04  Probe (Chrono Boost)  
  20  3:05  Sentinel  
  24  3:21  Probe (Chrono Boost)  
  24  3:32  Twilight Council  
  24  3:44  Gateway  
  25  4:21  Probe (Chrono Boost), Sentinel  
  25  4:29  Phase Detonation  
  27  4:40  Reconstruction  
  27  5:08  Probe (Chrono Boost)  
  28  5:15  Sentinel  
  30  5:25  Probe (Chrono Boost)  
  31  5:45  Pylon  
  31  5:46  Sentinel  
  31  5:49  Probe (Chrono Boost), Pylon  
  34  6:06  Probe (Chrono Boost)  
  35  6:27  Probe (Chrono Boost)  
  35  6:29  Solar Efficiency Level 2  
  36  6:32  Sentinel  
  38  6:40  Protoss Shields Level 1  
  38  7:34  Nexus  
  38  8:00  Pylon  
  38  8:11  Photon Cannon  
  38  8:12  Photon Cannon  
  38  8:21  Pylon  
  38  8:28  Pylon, Advanced Repair Systems  
  38  8:55  Photon Cannon  
  38  8:58  Photon Cannon  
  38  9:23  Photon Cannon x2  
  38  9:26  Photon Cannon  
  38  9:29  Photon Cannon  
  38  9:33  Photon Cannon  
  38  9:46  Pylon  
  38  9:52  Photon Cannon  
  38  9:58  Unknown  
  38  10:29  Photon Cannon  
  38  10:32  Photon Cannon  
  38  11:07  Probe (Chrono Boost)  
  39  11:24  Probe (Chrono Boost)  
  41  11:41  Probe (Chrono Boost)  
  41  11:43  Sentinel  
  41  11:44  Sentinel  
  41  11:49  Sentinel  
  41  11:58  Probe (Chrono Boost)  
  42  12:04  Stargate  
  42  12:06  Solar Flare  
  42  12:07  Stargate  
  42  12:12  Robotics Facility  
  42  12:13  Probe (Chrono Boost)  
  42  12:15  Probe (Chrono Boost)  
  42  12:17  Sentinel  
  44  12:20  Sentinel  
  44  12:23  Assimilator  
  44  12:24  Assimilator  
  44  12:29  Probe (Chrono Boost)  
  45  12:30  Pylon  
  45  12:32  Probe (Chrono Boost)  
  46  12:46  Probe (Chrono Boost)  
  46  12:49  Probe (Chrono Boost), Energizer x2  
  48  13:03  Probe (Chrono Boost)  
  48  13:06  Probe (Chrono Boost)  
  48  13:23  Probe (Chrono Boost)  
  48  13:26  Sentinel x2  
  48  14:07  Sentinel  
  48  14:08  Sentinel  
  52  14:21  Fleet Beacon  
  52  14:24  Probe (Chrono Boost)  
  54  14:41  Probe (Chrono Boost)  
  54  14:45  Sentinel  
  54  14:46  Sentinel  
  58  14:58  Probe (Chrono Boost)  
  59  15:15  Probe (Chrono Boost)  
  59  15:18  Stargate  
  60  15:23  Sentinel x2  
  65  15:32  Probe (Chrono Boost)  
  65  15:37  Carrier  
  71  15:48  Probe (Chrono Boost), Carrier  
  78  15:54  Rapid Recharging  
  78  16:01  Sentinel x2  
  78  16:05  Probe (Chrono Boost)  
  83  16:18  Sentinel  
  83  16:22  Probe (Chrono Boost), Sentinel  
  83  16:25  Sentinel  
  83  16:28  Sentinel  
  83  16:29  Solar Efficiency Level 3  
  84  16:31  Sentinel  
  84  16:33  Sentinel x2  
  84  16:36  Sentinel  
  84  16:53  Sentinel  
  84  17:02  Sentinel  
  70  17:37  Carrier  
  68  17:48  Carrier  
  69  18:10  Probe (Chrono Boost)  
  69  18:27  Probe (Chrono Boost)  
  70  18:44  Probe (Chrono Boost)  
  72  19:01  Probe (Chrono Boost)  
  72  19:18  Probe (Chrono Boost)  
  73  19:20  Pylon  
  73  19:21  Pylon  
  73  19:23  Pylon  
  73  19:26  Pylon  
  71  19:37  Photon Cannon  
  71  19:39  Photon Cannon  
  71  19:41  Photon Cannon  
  71  19:43  Photon Cannon  
  71  19:45  Photon Cannon  
  71  19:47  Photon Cannon  
Show
View Real Time Build Order
Export as new Build Order

NamroodTuo Zerg 

Build Orders:  

Get SALT Encoding   

  12  0:20  Infested Barracks  
  12  0:26  Infested SCV  
  13  0:32  Infested SCV  
  14  0:44  Overlord  
  14  0:51  Infested SCV  
  15  1:12  Infested SCV  
  16  1:22  Infestation Level 1  
  16  1:27  Infested SCV  
  17  1:38  Infested SCV  
  18  1:41  Infested SCV  
  18  1:42  Infested SCV  
  20  1:58  Infested Engineering Bay  
  20  2:00  Infested SCV  
  21  2:11  Infested SCV  
  22  2:20  Infested Refinery  
  22  2:26  Overlord  
  22  2:44  Infested SCV, Infested Refinery  
  23  3:01  Infested SCV  
  24  3:14  Infested SCV  
  25  3:29  Infested SCV  
  26  3:37  Infestation Level 2  
  26  3:59  Infested Marine  
  27  4:00  Infested Marine x4  
  31  4:17  Infested Barracks Tech Lab  
  31  4:34  Overlord  
  31  4:36  Overlord  
  31  4:37  Infested Command Center  
  31  4:40  Stukov Infantry Weapons Level 1  
  31  5:37  Anaerobic Enhancement  
  31  5:41  Overlord  
  31  5:42  Overlord x2  
  31  5:43  Infested SCV x2  
  33  5:58  Infested SCV  
  29  6:36  Broodling Gestation  
  33  6:40  Infested Bunker  
  33  6:52  Infested Command Center  
  33  6:58  Infested Bunker  
  37  7:02  Infested SCV  
  37  7:06  Infested SCV  
  39  7:11  Infested SCV  
  39  7:15  Infested SCV  
  39  7:19  Infested SCV  
  42  7:20  Stukov Infantry Armor Level 1  
  42  7:23  Infested SCV  
  43  7:39  Retinal Augmentation  
  43  8:43  Overlord, Infested SCV x2  
  43  8:44  Overlord  
  43  8:47  Infested Factory  
  43  8:49  Unknown  
  49  8:52  Infested Bunker  
  49  9:46  Overlord x2  
  49  9:53  Infested Bunker  
  57  10:00  Regenerative Plating  
  57  10:01  Infested Bunker  
  57  10:12  Overseer x3  
  57  10:13  Overseer x2  
  57  10:18  Plagued Munitions  
  57  10:34  Infested Armory  
  57  10:35  Infested Factory Tech Lab  
  57  10:38  Infested SCV  
  58  10:42  Infested Missile Turret  
  58  10:49  Infested Missile Turret  
  58  11:00  Stukov Infantry Armor Level 2  
  58  11:08  Infested Marine  
  58  11:09  Infested Marine x4  
  63  11:12  Infested SCV x3  
  63  11:13  Infested SCV x2  
  63  11:19  Infested SCV  
  69  11:20  Infested SCV x4  
  68  11:42  Aggressive Incubation  
  68  12:19  Infested Marine  
  69  12:20  Infested Marine x11  
  69  12:21  Infested Marine x8  
  92  12:33  Infested Bunker  
  92  12:39  Overlord x2, Infested Bunker  
  76  14:09  Infested Marine  
  77  14:10  Stukov Infantry Weapons Level 2, Infested Marine x11  
  77  14:11  Infested Marine x8  
  96  14:22  Infested Marine  
  96  14:23  Infested Marine  
  98  14:35  Infested SCV  
  98  14:36  Infested SCV x4  
  103  15:17  Overlord x4  
  103  15:29  Infested Refinery  
  103  15:33  Stukov Vehicle and Ship Armor Level 1  
  119  15:53  Infested Bunker  
  119  15:55  Infested Bunker  
  97  16:14  Infestation Level 3  
  97  16:24  Infested Marine  
  97  16:25  Infested Marine x2  
  100  16:32  Infested Barracks  
  100  16:43  Infested Bunker  
  100  16:46  Infested Barracks  
  96  17:01  Infested Marine x2  
  96  17:02  Infested Marine x18  
  116  17:15  Infested Refinery  
  115  17:32  Overlord x3  
  115  17:33  Overlord  
  115  17:35  Overseer x4  
  107  18:18  Infested Marine x5  
  107  18:19  Infested Marine x17  
  127  18:20  Infested Marine x10  
  133  18:50  Infested Bunker  
  139  19:04  Infested Bunker  
  100  19:55  Infested Bunker  
Tags
 
Commander
KaraxStukov
Matchup
Co-op
Replay Pack
Multiplayer
Add a new tag
Caveats
  • Supply blocks, unpowered buildings, or Contaminate may cause inaccurate times.
  • Supply counts are checked every 10 seconds.